 Dungeon Crawl Stone Soup version 0.31-a0-1616-gbeaec30b81 (webtiles) character file.

Game seed: 14704567991445418966

86 CougarLife the Shield-Bearer (level 4, -4/41 HPs)
             Began as a Gnoll Fighter on Jan 10, 2024.
             Slain by Natasha (8 damage)
             ... on level 2 of the Dungeon.
             The game lasted 00:01:01 (1616 turns).

CougarLife the Shield-Bearer (Gnoll Fighter)        Turns: 1616, Time: 00:01:02

Health: -4/41      AC:  7    Str: 15    XL:     4   Next: 49%
Magic:  5/5        EV:  9    Int: 10    God:
Gold:   109        SH:  5    Dex: 11    Spells: 5/5 levels left

rFire   . . .        a - +0 war axe
rCold   . . .        c - +0 buckler
rNeg    . . .        b - +0 scale mail
rPois   .            (no helmet)
rElec   .            (no cloak)
rCorr   .            (no gloves)
SInv    .            (no boots)
Will    .....        (no amulet) Stlth
                     (no ring)
HPRegen 0.26/turn    (no ring)
MPRegen 0.09/turn

%: no passive effects
@: no status effects
A: fangs 1, strong nose, distributed training
a: no special abilities


You were on level 2 of the Dungeon.
You visited 1 branch of the dungeon, and saw 2 of its levels.

You collected 109 gold pieces.

Inventory:

Hand Weapons
 a - a +0 war axe (weapon)
Missiles
 h - 2 boomerangs (quivered)
Armour
 b - a +0 scale mail (worn)
 c - a +0 buckler (worn)
Jewellery
 j - a ring of protection from fire
Scrolls
 e - 3 scrolls of poison {unknown}
 f - a scroll of blinking {unknown}
 k - a scroll of vulnerability {unknown}
 l - a scroll of fog {unknown}
Potions
 d - a potion of might
 g - 2 potions of mutation {unknown}
 i - a potion of berserk rage {unknown}


   Skills:
 + Level 6.6 Fighting
 + Level 1.2 Short Blades
 + Level 1.2 Long Blades
 + Level 4.6 Axes
 + Level 1.2 Maces & Flails
 + Level 1.2 Polearms
 + Level 1.2 Staves
 + Level 1.2 Ranged Weapons
 + Level 1.2 Throwing
 + Level 6.6 Armour
 + Level 1.2 Dodging
 + Level 1.2 Stealth
 + Level 6.6 Shields
 + Level 1.2 Unarmed Combat
 + Level 1.2 Spellcasting
 + Level 1.0 Conjurations
 + Level 1.0 Hexes
 + Level 1.0 Summonings
 + Level 1.0 Necromancy
 + Level 1.0 Translocations
 + Level 1.0 Fire Magic
 + Level 1.0 Ice Magic
 + Level 1.0 Air Magic
 + Level 1.0 Earth Magic
 + Level 1.0 Alchemy
 + Level 1.3 Invocations
 + Level 1.2 Evocations
 + Level 1.1 Shapeshifting


You had 5 spell levels left.
You didn't know any spells.
Your spell library contained the following spells:

 Spells                   Type           Power      Damage    Failure   Level
 Call Imp                 Summ           4%         N/A       82%         2
 Ensorcelled Hibernation  Hex/Ice        4%         N/A       82%         2
 Sublimation of Blood     Necr           2%         N/A       82%         2
 Fugue of the Fallen      Necr           2%         N/A       96%         3
 Anguish                  Hex/Necr       1%         N/A       100%        4
 Summon Hydra             Summ           1%         N/A       100%        7


Dungeon Overview and Level Annotations

Branches:
Dungeon (2/15)

Altars:
The Shining One

Annotations:
D:2 Natasha


Innate Abilities, Weirdness & Mutations

You have very sharp teeth.
Your uncanny sense of smell can sniff out nearby items.
Your experience applies equally to all skills.


Message History

You are too injured to fight recklessly!
You barely miss Natasha. You closely miss the cerulean imp.
The cerulean imp hits you but does no damage.
The cerulean imp hits you from afar with a +1 spear.
You block Natasha's attack.
You barely miss Natasha. You hit the cerulean imp.
The cerulean imp hits you with a +4 spear.
* * * LOW HITPOINT WARNING * * *
The cerulean imp hits you but does no damage.
Natasha casts a spell at you. You resist with some effort.
You block the cerulean imp's attack. x2
You hit Natasha but do no damage. You closely miss the cerulean imp.
Natasha barely misses you. The cerulean imp barely misses you.
The cerulean imp hits you but does no damage.
You block Natasha's attack.
You closely miss Natasha. You closely miss the cerulean imp.
The cerulean imp completely misses you.
The cerulean imp hits you but does no damage.
You block Natasha's attack.
The cerulean imp hits you with a +4 spear.
* * * LOW HITPOINT WARNING * * *
You barely miss Natasha. Your bite misses Natasha.
You closely miss the cerulean imp. You block the cerulean imp's attack.
Natasha barely misses you. You block the cerulean imp's attack.
The cerulean imp hits you from afar with a +1 spear.
* * * LOW HITPOINT WARNING * * *
You miss Natasha. You miss the cerulean imp.
Natasha claws you but does no damage. The cerulean imp closely misses you.
The cerulean imp hits you from afar with a +1 spear.
* * * LOW HITPOINT WARNING * * *
Natasha howls an incantation.
Natasha shimmers violently.
You block Natasha's attack.
You completely miss Natasha. You barely miss the cerulean imp.
The cerulean imp disappears in a puff of smoke!
The cerulean imp hits you but does no damage.
Natasha claws you but does no damage. The cerulean imp closely misses you.
You hit Natasha but do no damage. You hit the cerulean imp. Natasha claws you!
You die...
Natasha begins licking her fur clean.

##################
#............§....
#.###.....@h.....!
#.###.#...#5§#_###
#...#.#...#..#....
#.#...#.[.#..#......
#.###.....[.........
######.#
#...............#
#......#
#.#......#...#..#
#......#
#.#......#.).#.#
#......#
#.#......#.....#


You could see Natasha and a cerulean imp (summoned).

Vanquished Creatures
  Terence (D:2)
  2 adders (D:2)
  A ball python (D:2)
  2 giant cockroaches
  6 goblins
  6 hobgoblins
  6 jackals
  4 kobolds
  2 quokkas
  3 bats (D:1)
  4 frilled lizards (D:1)
  A rat (D:1)
38 creatures vanquished.

Notes
Turn   | Place    | Note
-------+----------+-------------------------------------------
     0 | D:1      | CougarLife the Gnoll Fighter began the quest for the Orb.
     0 | D:1      | Reached XP level 1. HP: 23/23 MP: 1/1
    73 | D:1      | Reached XP level 2. HP: 29/29 MP: 2/2
   414 | D:1      | Reached XP level 3. HP: 35/35 MP: 3/3
  1036 | D:2      | Found a glowing golden altar of the Shining One.
  1129 | D:2      | Reached skill level 1 in Invocations
  1192 | D:2      | Reached skill level 1 in Short Blades
  1192 | D:2      | Reached skill level 1 in Long Blades
  1192 | D:2      | Reached skill level 1 in Maces & Flails
  1192 | D:2      | Reached skill level 1 in Polearms
  1192 | D:2      | Reached skill level 1 in Staves
  1192 | D:2      | Reached skill level 1 in Ranged Weapons
  1192 | D:2      | Reached skill level 1 in Throwing
  1192 | D:2      | Reached skill level 1 in Dodging
  1192 | D:2      | Reached skill level 1 in Stealth
  1192 | D:2      | Reached skill level 1 in Unarmed Combat
  1192 | D:2      | Reached skill level 1 in Spellcasting
  1192 | D:2      | Reached skill level 1 in Evocations
  1219 | D:2      | Noticed Terence
  1228 | D:2      | Killed Terence
  1229 | D:2      | Reached skill level 1 in Conjurations
  1229 | D:2      | Reached skill level 1 in Hexes
  1229 | D:2      | Reached skill level 1 in Summonings
  1229 | D:2      | Reached skill level 1 in Necromancy
  1229 | D:2      | Reached skill level 1 in Translocations
  1229 | D:2      | Reached skill level 1 in Fire Magic
  1229 | D:2      | Reached skill level 1 in Ice Magic
  1229 | D:2      | Reached skill level 1 in Air Magic
  1229 | D:2      | Reached skill level 1 in Earth Magic
  1229 | D:2      | Reached skill level 1 in Alchemy
  1229 | D:2      | Reached skill level 1 in Shapeshifting
  1229 | D:2      | Reached XP level 4. HP: 25/41 MP: 5/5
  1601 | D:2      | Found a faded altar of an unknown god.
  1602 | D:2      | Noticed Natasha
  1616 | D:2      | Slain by Natasha

Illustrated notes

Levels and vault maps discovered:
D:1:      dpeg_arrival_three_same_balls, layout_basic, minmay_misc_feat_iff
D:2:      layout_basic, basic_altar, hellmonk_ecumenical_altar_lost_god,
          uniq_natasha, uniq_terence

Skill      XL: |  1  2  3 |
---------------+----------+-----
Invocations    | 1 |  1.3
Short Blades   | 1 |  1.2
Long Blades    | 1 |  1.2
Maces & Flails | 1 |  1.2
Polearms       | 1 |  1.2
Staves         | 1 |  1.2
Ranged Weapons | 1 |  1.2
Throwing       | 1 |  1.2
Dodging        | 1 |  1.2
Stealth        | 1 |  1.2
Unarmed Combat | 1 |  1.2
Spellcasting   | 1 |  1.2
Evocations     | 1 |  1.2
Conjurations   | 1 |  1.0
Hexes          | 1 |  1.0
Summonings     | 1 |  1.0
Necromancy     | 1 |  1.0
Translocations | 1 |  1.0
Fire Magic     | 1 |  1.0
Ice Magic      | 1 |  1.0
Air Magic      | 1 |  1.0
Earth Magic    | 1 |  1.0
Alchemy        | 1 |  1.0
Shapeshifting  | 1 |  1.1
Fighting       | |  6.6
Axes           | |  4.6
Armour         | |  6.6
Shields        | |  6.6

Action                     |  1- 3 |  4- 6 || total
---------------------------+-------+-------++-------
  Melee: War axe           |    73 |    15 ||    88
         Bite              |     6 |       ||     6
 Armour: Scale mail        |    48 |    20 ||    68
  Dodge: Dodged            |    41 |    11 ||    52
  Block: Buckler           |    25 |     9 ||    34

Table legend: (Time is in decaauts)
 A = Elapsed time spent in this place.
 B = Non-inter-level travel time spent in this place.
 C = Inter-level travel time spent in this place.
 D = Time resting spent in this place.
 E = Time spent auto-exploring this place.
 F = Levels seen in this place.
 G = Mean time per level.
                   A        B        C        D        E       F      G
               +--------+--------+--------+--------+--------+-----+--------+
         Total |   1642 |   1597 |     45 |     57 |   1312 |   2 |  821.0 |
       Dungeon |   1642 |   1597 |     45 |     57 |   1312 |   2 |  821.0 |
               +--------+--------+--------+--------+--------+-----+--------+

Top non-repeatable levels by time:
     D:1: 1026 daAuts
     D:2: 615 daAuts
